 Dungeon Crawl Stone Soup version 0.29.1-13-g9f3cf754e1 (webtiles) character file.

Game seed: 1628494899519433982

44 nightchill the Grave Robber (level 3, -6/20 HPs)
             Began as a Tengu Necromancer on Feb 3, 2023.
             Mangled by a gnoll
             ... wielding a +0 flail
              (11 damage)
             ... on level 2 of the Dungeon.
             The game lasted 00:03:25 (1133 turns).

nightchill the Grave Robber (Tengu Necromancer)     Turns: 1133, Time: 00:03:26

Health: -6/20      AC:  2    Str:  8    XL:     3   Next: 62%
Magic:  4/7        EV: 12    Int: 17    God:
Gold:   110        SH:  0    Dex: 14    Spells: 5/6 levels left

rFire   . . .      SeeInvis .   e - +0 short sword
rCold   . . .      Faith    .   (no shield)
rNeg    . . .      Spirit   .   a - +0 robe
rPois   .          Reflect  .   (helmet restricted)
rElec   .          Harm     .   (no cloak)
rCorr   .          Rampage  .   (no gloves)
Will    .....                   (boots unavailable)
Stlth   ++........              (no amulet)
HPRegen 0.06/turn               (no ring)
MPRegen 0.10/turn               (no ring)

@: very slightly contaminated
A: beak, talons 3
a: no special abilities


You were on level 2 of the Dungeon.
You visited 1 branch of the dungeon, and saw 2 of its levels.

You collected 110 gold pieces.

Inventory:

Hand Weapons
 e - a +0 short sword (weapon)
Armour
 a - a +0 robe (worn)
Wands
 k - a wand of flame (4)
Scrolls
 c - 4 scrolls of teleportation {unknown}
 d - a scroll of identify {unknown}
 f - 4 scrolls of noise {unknown}
 g - a scroll of brand weapon {unknown}
 h - a scroll of fog {unknown}
 i - a scroll of amnesia {unknown}
Potions
 b - a potion of magic
 j - a potion of degeneration {unknown}


   Skills:
 + Level 0.5 Fighting
 * Level 1.4 Short Blades
 - Level 2.3 Dodging
 + Level 2.3 Stealth
 + Level 2.3 Spellcasting
 * Level 4.8 Necromancy


You had 5 spell levels left.
You knew the following spells:

 Your Spells              Type           Power      Damage    Failure   Level
a - Necrotise             Necr           72%        1d7       2%          1

Your spell library contained the following spells:

 Spells                   Type           Power      Damage    Failure   Level
 Vampiric Draining        Necr           18%        2d7       8%          3
 Animate Dead             Necr           18%        N/A       26%         4
 Agony                    Necr           18%        N/A       56%         5


Dungeon Overview and Level Annotations

Branches:
Dungeon (2/15)

Altars:


Innate Abilities, Weirdness & Mutations

You have a beak for a mouth.
You have claws for feet.


Message History

Your hobgoblin skeleton crumbles into dust!
There is an open door here. 2 gnolls come into view.
A gnoll is wielding a +1 vampiric spear.
Casting: Necrotise (safe; 2% risk of failure)
Confirm with . or Enter, or press ? or * to list all spells.
Aiming: Necrotise (safe; 2% risk of failure)
Press: ? - help, Shift-Dir - straight line, f - gnoll
Aim: a gnoll, wielding a +0 flail (chance to affect: 83%)
You miscast Necrotise.
You are very lightly contaminated with residual magic.
Nothing appears to happen.
Casting: Necrotise (safe; 2% risk of failure)
Confirm with . or Enter, or press ? or * to list all spells.
Aiming: Necrotise (safe; 2% risk of failure)
Press: ? - help, Shift-Dir - straight line, f/p - gnoll
Aim: a gnoll, wielding a +0 flail (chance to affect: 83%)
The gnoll writhes in agony.
Your magical contamination has completely faded away.
Casting: Necrotise (safe; 2% risk of failure)
Confirm with . or Enter, or press ? or * to list all spells.
Aiming: Necrotise (safe; 2% risk of failure)
Press: ? - help, Shift-Dir - straight line, f/p - gnoll
Aim: a gnoll, wielding a +0 flail (moderately wounded, chance to affect: 83%)
The gnoll barely resists.
Casting: Necrotise (safe; 2% risk of failure)
Confirm with . or Enter, or press ? or * to list all spells.
Aiming: Necrotise (safe; 2% risk of failure)
Press: ? - help, Shift-Dir - straight line, f/p - gnoll
Aim: a gnoll, wielding a +0 flail (moderately wounded, chance to affect: 83%)
You miscast Necrotise.
You are very lightly contaminated with residual magic.
Nothing appears to happen.
The gnoll hits you with a +0 flail!
Ouch! That really hurt!
* * * LOW HITPOINT WARNING * * *
The gnoll attacks as you move away! The gnoll hits you with a +0 flail.
* * * LOW HITPOINT WARNING * * *
The gnoll attacks as you move away! The gnoll hits you with a +0 flail!
Ouch! That really hurt!
You die...

#.##.......#
#.##.......#
#.##.....†.# ###
#.#..####..# ###..
#..#.#####.# ....
#......###.# #..
##.#......<#
#.######.##.##..##
#.....g.g@.......#
##..####......###.
#.............# #.
#.#'#'#'#'#'#.# ..
#.#.#.#.#.#.#.# ##
#.###########
#.g..g.# ####.#.#
#.#..


You could see 2 gnolls.

Vanquished Creatures
  3 dart slugs (D:1)
  2 bats (D:1)
  5 endoplasms (D:1)
  A giant cockroach (D:1)
  2 goblins (D:1)
  6 hobgoblins
  A kobold (D:1)
  A quokka (D:2)
  3 ball pythons (D:1)
  A frilled lizard (D:1)
  7 rats
32 creatures vanquished.

Vanquished Creatures (collateral kills)
  2 goblins (D:1)
  A rat (D:1)
3 creatures vanquished.

Grand Total: 35 creatures vanquished

Notes
Turn   | Place    | Note
-------+----------+-------------------------------------------
     0 | D:1      | nightchill the Tengu Necromancer began the quest for the
                  | Orb.
     0 | D:1      | Reached XP level 1. HP: 10/10 MP: 4/4
   238 | D:1      | Reached XP level 2. HP: 15/15 MP: 4/6
   450 | D:1      | Reached skill level 1 in Short Blades
   535 | D:1      | Reached XP level 3. HP: 19/20 MP: 2/7
  1133 | D:2      | Mangled by a gnoll

Illustrated notes

Levels and vault maps discovered:
D:1:      matt_arrival_spirals, layout_rooms, minmay_three_crescents
D:2:      layout_loops_ring, serial_bayou_pond_c, minmay_rat_gold_closets

Skill      XL: |  1  2 |
---------------+-------+-----
Short Blades   | 1 |  1.4
Fighting       | |  0.5
Dodging        | |  2.3
Stealth        | |  2.3
Spellcasting   | |  2.3
Necromancy     | |  4.8

Action                   || total
-------------------------++-------
Melee: Unarmed           ||     5
       Short sword       ||    43
       Kick              ||    10
       Peck              ||     7
 Cast: Necrotise         ||    30
 Stab: Sleeping          ||     3
Armor: Robe              ||    20
Dodge: Dodged            ||    37
